 Dungeon Crawl Stone Soup version 0.29.1-15-g9cfb28693d (webtiles) character file.

Game seed: 8844816671610559695

140876 kingofthe the Eclecticist (level 16, -3/76 HPs)
             Began as a Deep Elf Conjurer on Mar 6, 2023.
             Was an Elder of Sif Muna.
             Killed from afar by a shock serpent (7 damage)
             ... with an electric aura
             ... on level 3 of the Snake Pit on Mar 7, 2023.
             The game lasted 03:36:24 (44628 turns).

kingofthe the Eclecticist (Deep Elf Conjurer)      Turns: 44628, Time: 03:36:25

Health: -3/76      AC: 10    Str:  8    XL:     16   Next: 47%
Magic:  5/47       EV: 19    Int: 30    God:    Sif Muna [****..]
Gold:   365        SH: 13    Dex: 18    Spells: 3/47 levels left

rFire   + + +      SeeInvis .   a - staff of poison {!a}
rCold   . . .      Faith    .   Y - +3 buckler {rF+}
rNeg    + . .      Spirit   .   o - +2 robe {rF+}
rPois   +          Reflect  +   C - +2 helmet
rElec   .          Harm     .   h - scarf {+Inv}
rCorr   .          Rampage  +   X - +1 pair of gloves of Wenneocw {Rampage +Blink Str+4}
Will    +....                   s - +0 pair of boots
Stlth   ++++......              x - amulet of reflection
HPRegen 0.22/turn               M - ring of magical power
MPRegen 0.30/turn               d - ring of Humigoh {Wiz rF+ rN+ Dex+3}

@: about to teleport, slowed, very slow
A: no striking features
}: 1/15 runes: barnacled
a: Renounce Religion, Evoke Blink, Evoke Invisibility, Channel Magic, Forget
Spell, Divine Exegesis


You were on level 3 of the Snake Pit.
You worshipped Sif Muna.
Sif Muna was greatly pleased with you.
You visited 6 branches of the dungeon, and saw 28 of its levels.
You also visited: Bailey, Ice Cave and Volcano.

You collected 1889 gold pieces.
You spent 1524 gold pieces at shops.


   Skills:
 + Level 12.3 Dodging
 - Level 9.0 Stealth
 - Level 4.0 Shields
 + Level 16.2 Spellcasting
 + Level 13.1 Conjurations
 - Level 9.0 Hexes
 - Level 3.2 Translocations
 + Level 12.9 Fire Magic
 + Level 11.1 Air Magic
 * Level 6.8 Earth Magic
 - Level 3.0 Poison Magic
 - Level 9.0 Invocations
 - Level 9.0 Evocations


You had 3 spell levels left.
You knew the following spells:

 Your Spells              Type           Power      Damage    Failure   Level
a - Magic Dart            Conj           100%       1d8       0%          1
b - Searing Ray           Conj           100%       2d8       0%          2
c - Poisonous Vapours     Pois/Air       100%       N/A       1%          2
d - Fulminant Prism       Conj/Hex       37%        3d18      1%          4
e - Iskenderun's Mystic   Conj/Tloc      65%        2d13      1%          4
f - Fireball              Conj/Fire      40%        3d16      1%          5
g - Lee's Rapid Deconstr  Erth           30%        3d17*     1%          5
o - Orb of Destruction    Conj           40%        9d11      3%          7
w - Flame Wave            Conj/Fire      80%        2d17      1%          4
A - Airstrike             Air            37%        2d(6-22)  1%          4
S - Starburst             Conj/Fire      40%        6d11      1%          6

Your spell library contained the following spells:

 Spells                   Type           Power      Damage    Failure   Level
 Scorch                   Fire           100%       2d10      0%          2
 Confusing Touch          Hex            68%        N/A       1%          3
 Dazzling Flash           Conj/Hex       100%       N/A       1%          3
 Mephitic Cloud           Conj/Pois/Air  87%        N/A       1%          3
 Tukima's Dance           Hex            68%        N/A       1%          3
 Ozocubu's Armour         Ice            24%        N/A       2%          3
 Corpse Rot               Necr/Pois/Air  68%        N/A       1%          4
 Hailstorm                Conj/Ice       59%        3d13      1%          4
 Leda's Liquefaction      Hex/Erth       32%        N/A       1%          4
 Summon Lightning Spire   Summ/Air       55%        N/A       1%          4
 Irradiate                Conj/Tmut      29%        3d21      1%          5
 Iskenderun's Battlesphe  Conj           80%        2d13      1%          5
 Lightning Bolt           Conj/Air       38%        1d57      1%          5
 Silence                  Hex/Air        35%        N/A       1%          5
 Olgreb's Toxic Radiance  Pois           59%        N/A       2%          4
 Passage of Golubria      Tloc           43%        N/A       2%          4
 Yara's Violent Unravell  Hex/Tmut       25%        3d11      4%          5
 Animate Dead             Necr           24%        N/A       10%         4
 Blade Hands              Tmut           12%        N/A       26%         5
 Ignition                 Fire           40%        3d12      28%         8
 Statue Form              Tmut/Erth      29%        N/A       32%         6
 Summon Cactus Giant      Summ           12%        N/A       78%         6
 Malign Gateway           Summ/Tloc      17%        N/A       98%         7
 Dragon Form              Tmut           12%        N/A       100%        7
 Haunt                    Necr/Summ      12%        N/A       100%        7
 Ozocubu's Refrigeration  Ice            12%        4d10      100%        7
 Infestation              Necr           12%        N/A       100%        8
 Summon Horrible Things   Summ           12%        N/A       100%        8

Inventory:

Hand Weapons
 b - a +6 dagger of freezing
 l - the +12 dagger of Tender Mercy {drain, +Blink rPois rC+ Will-}
   (You took it off a naga mage on level 1 of the Snake Pit)

   A truly terrible weapon, it drains the life of any living foe it strikes.
   rC:        It protects you from cold.
   rPois:     It protects you from poison.
   +Blink:    It lets you blink.
   Will:      It decreases your willpower.
Missiles
 y - 4 throwing nets {=f}
Armour
 h - a scarf of invisibility (worn)
 o - a +2 robe of fire resistance (worn)
 s - a +0 pair of boots (worn)
 w - a +1 robe of cold resistance
 C - a +2 helmet (worn)
 H - a +0 kite shield of protection
 P - a scarf of resistance
 X - the +1 pair of gloves of Wenneocw (worn) {Rampage +Blink Str+4}
   (You found it in a volcano)

   Str:       It affects your strength (+4).
   +Blink:    It lets you blink.
   Rampage:   It bestows one free step when moving towards enemies.
 Y - a +3 buckler of fire resistance (worn)
Magical Staves
 a - a staff of poison (weapon) {!a}
Jewellery
 d - the ring of Humigoh (right hand) {Wiz rF+ rN+ Dex+3}
   (You bought it in a shop on level 10 of the Dungeon)

   [ring of wizardry]

   It improves your spell success rate.
   Dex:       It affects your dexterity (+3).
   rF:        It protects you from fire.
   rN:        It protects you from negative energy.
 e - a +4 ring of evasion
 t - a +4 ring of protection
 v - a ring of see invisible
 x - an amulet of reflection (around neck)
 E - a +4 ring of evasion
 F - a ring of fire
 L - a ring of flight
 M - a ring of magical power (left hand)
 R - a ring of resist corrosion
Wands
 i - a wand of light (12)
 A - a wand of mindburst (23)
 J - a wand of digging (5)
 Q - a wand of charming (4)
 V - a wand of roots (12)
 W - a wand of flame (13)
Scrolls
 g - 2 scrolls of summoning
 j - 3 scrolls of teleportation {@r2}
 k - 3 scrolls of magic mapping
 m - 2 scrolls of identify {@r1}
 n - 3 scrolls of fear
 r - 3 scrolls of silence {!r}
 z - 2 scrolls of butterflies
 B - 2 scrolls of poison
 D - 6 scrolls of vulnerability
 K - a scroll of blinking
 N - a scroll of amnesia
Potions
 c - 10 potions of curing {@q1}
 f - a potion of heal wounds {@q2}
 p - 4 potions of flight
 q - 2 potions of magic
 G - 3 potions of haste {@q3}
 I - 6 potions of cancellation
 O - 2 potions of resistance
 S - a potion of brilliance
 T - 3 potions of ambrosia
 U - 2 potions of berserk rage {!q}
Miscellaneous
 u - a lightning rod (4/4)

Dungeon Overview and Level Annotations

Branches:
Dungeon (13/15)            Temple (1/1) D:4            Lair (5/5) D:10
 Shoals (4/4) Lair:2        Snake (3/4) Lair:2        Slime (0/5) Lair:4
    Orc (2/2) D:9          Vaults (0/5) D:13         Bailey (visited)
  IceCv (visited)         Volcano (visited)
    Elf: Orc:2

Altars:
Ashenzari
Cheibriados
Dithmenos
Elyvilon
Fedhas
Gozag
Hepliaklqana
Kikubaaqudgha
Makhleb
Nemelex Xobeh
Okawaru
Qazlal
Ru
Sif Muna
Trog
Uskayaw
Vehumet
Wu Jian
Xom
Yredelemnul
Zin
The Shining One
Jiyva
Lugonu

Shops:
D:10 *(=   Shoals:1 *?   Shoals:3 =   Snake:2 :

Annotations:
D:8 3 runed translucent doors
Shoals:1 3 runed translucent doors, exclusion: obsidian statue, Pyuluvoph's ghost, adept HOBr
Orc:2 Rupert

#.. .. .. #...... .# #.
.#.. ...... ..###.# ...##
###.# .$..#.. .....
#...##. ........####.....
..............)........
####.........).)....# #
...........[.NN## #
#...........@...## #
#...............N#. #
#................).. ##
#............###......
.####.................^...
.>......#####....N......##
###....## ##.....S....#
#....## ##..........
##.....#######........


You could see 2 naga sharpshooters and 2 nagas.


Message History

The naga sharpshooter gestures wildly while chanting.
The naga sharpshooter mumbles some strange words.
You block the shock serpent's attack.
Casting: Fireball (safe; 1% risk of failure)
Confirm with . or Enter, or press ? or * to list all spells.
Aiming: Fireball (safe; 1% risk of failure)
Press: ? - help, Shift-Dir - straight line, p - naga sharpshooter The fireball explodes!
The fireball engulfs the shock serpent!!
The shock serpent is almost dead.
The fireball engulfs the naga sharpshooter!!
The naga sharpshooter is almost dead.
The shock serpent's electric aura discharges, shocking you!
* * * LOW HITPOINT WARNING * * *
The shock serpent barely misses you.
The naga sharpshooter spits poison at you.
The splash of poison hits you but does no damage.
You resist. You block the shock serpent's attack.
The naga sharpshooter spits poison at you.
The splash of poison misses you.
Casting: Fireball (safe; 1% risk of failure)
Confirm with . or Enter, or press ? or * to list all spells.
Aiming: Fireball (safe; 1% risk of failure)
Press: ? - help, Shift-Dir - straight line The fireball explodes!
The fireball engulfs the shock serpent!!
You kill the shock serpent!
Sif Muna accepts your kill.
The air sparks with electricity, shocking you!
You die...

Skill      XL: |  1  2  3  4  5  6  7  8  9 10 11 12 13 14 15 16 |
---------------+-------------------------------------------------+-----
Stealth        | 3 4 5 6 7 8 9 |  9.0
Dodging        | 3 4 5 7 8 9 10 11 12 | 12.3
Spellcasting   | 4 5 6 7 9 10 11 12 14 15 16 | 16.2
Conjurations   | 5 6 7 8 9 10 11 12 13 | 13.1
Hexes          | 2 3 5 7 8 9 |  9.0
Invocations    | 2 5 6 7 9 |  9.0
Poison Magic   | 1 3 |  3.0
Translocations | 2 3 |  3.2
Shields        | 3 4 |  4.0
Fire Magic     | 6 8 9 10 12 | 12.9
Evocations     | 4 7 9 |  9.0
Air Magic      | 5 8 11 | 11.1
Earth Magic    | 3 6 |  6.8

Action                   |  1- 3 |  4- 6 |  7- 9 | 10-12 | 13-15 | 16-18 || total
-------------------------+-------+-------+-------+-------+-------+-------++-------
Melee: Unarmed           |     1 |       |     3 |       |       |       ||     4
       Staff             |       |       |       |     3 |     2 |       ||     5
       Dagger            |       |       |       |       |    19 |       ||    19
 Cast: Magic Dart        |    60 |    59 |   128 |   104 |    24 |     1 ||   376
       Searing Ray       |    10 |    18 |    66 |   111 |    11 |       ||   216
       Fulminant Prism   |       |       |    16 |   104 |    38 |     3 ||   161
       Poisonous Vapours |       |       |     4 |   121 |    96 |       ||   221
       Fireball          |       |       |       |    36 |   264 |    65 ||   365
       Iskenderun's Myst |       |       |       |     8 |    19 |     2 ||    29
       Airstrike         |       |       |       |       |   272 |    45 ||   317
       Flame Wave        |       |       |       |       |    17 |     2 ||    19
       Lee's Rapid Decon |       |       |       |       |       |    19 ||    19
       Orb of Destructio |       |       |       |       |       |    13 ||    13
Invok: Channel Magic     |       |       |       |     6 |    16 |     3 ||    25
 Abil: Evoke Blink       |       |       |       |       |     4 |       ||     4
  Use: Scroll            |       |     5 |     6 |    13 |    19 |     1 ||    44
       Potion            |       |       |       |     6 |     1 |       ||     7
Armor: Robe              |       |     3 |     6 |    17 |    21 |     7 ||    54
Dodge: Dodged            |     1 |    24 |    29 |   133 |   198 |    38 ||   423
Block: Other             |       |       |     8 |     8 |       |       ||    16
       Reflection        |       |       |     1 |    11 |    23 |     5 ||    40
       Buckler           |       |       |       |    86 |   172 |    29 ||   287

Levels and vault maps discovered:
D:1:      lemuel_arrival_muddy, layout_basic, basic_ecumenical_altar
D:2:      layout_loops_ring, basic_altar, grunt_decor_junction,
          kennysheep_flooded_box, corner_web_ring
D:3:      layout_loops_corners, vehumet_crystals, kennysheep_jessica_study
D:4:      layout_rooms, cheibrodos_worm_habitat,
          minmay_temple_entry_sparse_star, hangedman_decor_lopped,
          minmay_crystal_room, uniq_blork_the_orc
D:5:      layout_cave_pools, serial_park, serial_park_square1
          [serial_park_minivault_5x5_5], serial_park_square3
          [serial_park_minivault_5x5_8], serial_park_square2, uniq_menkaure
D:6:      layout_loops_cross, mainiacjoe_overflow_alcove_2, minmay_ruined_shrine
D:7:      layout_basic
D:8:      layout_loops_cross, gammafunk_temple_overflow_forgotten,
          ploomutoo_gammafunk_ghost_potion_laboratory, enter_bailey_7,
          grunt_decor_arrowhead, uniq_prince_ribbit1
D:9:      layout_loops_cross, kennysheep_orc_monster_closet_entryway
D:10:     layout_gridville, minmay_lair_entry_grove, serial_shops,
          nicolae_shop_trees, nicolae_diamond_shop, nicolae_shop_hallway_stairs,
          feat_on_display
D:11:     kennysheep_kobold_lugonu_temple, layout_basic,
          portal_ice_cave_entry_ice_simulacra
D:12:     layout_small_grid, nicolae_uskayaw_en_pointe, uniq_psyche
D:13:     layout_irregular_city, ximxim_vaults_locker_room, uniq_josephine
Temple:   eino_temple_scatter_basement
Lair:1:   layout_roguey, lemuel_fruit_tree, serial_bayou_shore_a,
          infiniplex_staircase_pool_2
Lair:2:   layout_gridlike, minmay_shoals_entry_beasts,
          guppyfry_snake_entry_island
Lair:3:   layout_misc_corridors, nicolae_lair_grazing_beasts
          [nicolae_sub_lair_graze_edge, nicolae_sub_lair_graze_edge,
          nicolae_sub_lair_graze_edge, nicolae_sub_lair_graze_edge],
          serial_bayou_shore_b
Lair:4:   layout_small_grid, minmay_slime_entry_jelly_boxes, grunt_megastairs_4
Lair:5:   gammafunk_lair_ancient_temple, layout_hall_layers
Shoals:1: layout_shoals, serial_shops, nicolae_shop_hallway_plus,
          ebering_ghost_gozag
Shoals:2: layout_shoals
Shoals:3: layout_shoals, nicolae_shop_unique_rings
Shoals:4: shoals_end_simple, layout_shoals
Snake:1:  layout_onion, uniq_aizul, uniq_mlioglotl
Snake:2:  layout_chambers, nicolae_shop_self_help, grunt_megastairs_1
Snake:3:  layout_layer_cave, st_stairs_5
Orc:1:    layout_caves, nicolae_volcano_entry_vermiform, uniq_fannar
Orc:2:    grunt_orc_tribal_feast, layout_caves, gauntlet_entry_generic,
          abandoned_shop, minmay_orc_temple_c, uniq_rupert

Notes
Turn   | Place    | Note
-------+----------+-------------------------------------------
     0 | D:1      | kingofthe the Deep Elf Conjurer began the quest for the
                  | Orb.
     0 | D:1      | Reached XP level 1. HP: 10/10 MP: 6/6
   205 | D:1      | Reached XP level 2. HP: 15/15 MP: 5/8
   210 | D:1      | Learned a level 2 spell: Searing Ray
   552 | D:1      | Found a faded altar of an unknown god.
   624 | D:1      | Reached skill level 3 in Stealth
   668 | D:1      | Reached skill level 3 in Dodging
   798 | D:1      | Reached XP level 3. HP: 19/19 MP: 7/10
  1331 | D:2      | Found an opulent altar of Gozag.
  1630 | D:2      | You fall into a shaft and drop 1 floor!
  1655 | D:3      | Reached skill level 4 in Spellcasting
  1657 | D:3      | Reached skill level 5 in Conjurations
  1723 | D:3      | Reached XP level 4. HP: 24/24 MP: 7/12
  1728 | D:3      | Learned a level 4 spell: Fulminant Prism
  2107 | D:3      | Reached skill level 1 in Hexes
  2347 | D:3      | Found a radiant altar of Vehumet.
  2350 | D:3      | Reached skill level 2 in Hexes
  2674 | D:3      | Reached XP level 5. HP: 28/28 MP: 10/13
  2900 | D:3      | Noticed Jessica
  2903 | D:3      | Killed Jessica
  3128 | D:4      | Reached skill level 4 in Dodging
  3137 | D:4      | Reached skill level 3 in Hexes
  3249 | D:4      | Noticed Blork the orc
  3250 | D:4      | Reached skill level 5 in Spellcasting
  3371 | D:4      | Found a snail-covered altar of Cheibriados.
  3400 | D:4      | Reached XP level 6. HP: 32/32 MP: 11/15
  3439 | D:4      | Found a staircase to the Ecumenical Temple.
  3448 | Temple   | Entered the Ecumenical Temple
  3467 | Temple   | Became a worshipper of Sif Muna the Loreminder
  3876 | D:4      | Killed Blork the orc
  3877 | D:4      | Reached skill level 4 in Hexes
  3993 | D:4      | Reached skill level 5 in Hexes
  4193 | D:5      | Entered Level 5 of the Dungeon
  4555 | D:5      | Reached XP level 7. HP: 33/36 MP: 12/17
  4573 | D:5      | Reached skill level 6 in Conjurations
  4906 | D:5      | Noticed Menkaure
  4970 | D:5      | Reached skill level 6 in Spellcasting
  4977 | D:5      | Reached skill level 6 in Hexes
  5345 | D:5      | Reached * piety under Sif Muna
  5346 | D:5      | Reached skill level 7 in Hexes
  5936 | D:5      | Killed Menkaure
  5937 | D:5      | Reached XP level 8. HP: 37/41 MP: 11/20
  6082 | D:6      | Reached skill level 7 in Spellcasting
  6136 | D:6      | Reached skill level 8 in Hexes
  6194 | D:6      | Reached skill level 7 in Conjurations
  6335 | D:6      | Reached skill level 1 in Invocations
  6437 | D:6      | Reached skill level 2 in Invocations
  6446 | D:6      | Reached skill level 5 in Dodging
  6603 | D:6      | Found a hide-covered altar of Uskayaw.
  6700 | D:6      | Found a glowing silver altar of Zin.
  6962 | D:6      | Reached skill level 4 in Stealth
  6962 | D:6      | Reached XP level 9. HP: 45/45 MP: 16/22
  6967 | D:6      | Reached skill level 3 in Invocations
  7494 | D:7      | Reached skill level 8 in Spellcasting
  7572 | D:7      | Reached skill level 8 in Conjurations
  7649 | D:7      | Reached ** piety under Sif Muna
  7650 | D:7      | Reached skill level 6 in Dodging
  7829 | D:7      | Reached skill level 4 in Invocations
  8229 | D:7      | Reached skill level 9 in Hexes
  8354 | D:7      | Reached skill level 5 in Stealth
  8571 | D:7      | Learned a level 2 spell: Poisonous Vapours
  8930 | D:8      | Reached skill level 9 in Spellcasting
  8930 | D:8      | Reached skill level 1 in Poison Magic
  9240 | D:8      | Noticed Prince Ribbit
  9250 | D:8      | Killed Prince Ribbit
  9251 | D:8      | Reached skill level 7 in Dodging
  9251 | D:8      | Reached skill level 5 in Invocations
  9251 | D:8      | Reached XP level 10. HP: 37/50 MP: 12/25
  9260 | D:8      | Found a glowing golden altar of the Shining One.
  9260 | D:8      | Found an opulent altar of Gozag.
  9260 | D:8      | Noticed a two-headed ogre
  9261 | D:8      | Found a sacrificial altar of Ru.
  9288 | D:8      | Killed a two-headed ogre
  9289 | D:8      | Reached skill level 2 in Poison Magic
  9438 | D:8      | Found a flagged portal.
  9461 | Bailey   | Entered a bailey
  9508 | Bailey   | Learned a level 4 spell: Iskenderun's Mystic Blast
  9615 | Bailey   | Noticed an orc warlord
  9659 | Bailey   | Reached *** piety under Sif Muna
  9910 | Bailey   | Found a runed translucent gate.
  9912 | Bailey   | Found a runed translucent gate.
  9914 | Bailey   | Found a runed translucent gate.
 10197 | Bailey   | Killed an orc warlord
 10198 | Bailey   | Reached skill level 6 in Stealth
 10198 | Bailey   | Reached skill level 1 in Translocations
 10198 | Bailey   | Reached skill level 3 in Poison Magic
 10560 | D:8      | Reached skill level 8 in Dodging
 10628 | D:8      | Reached skill level 9 in Conjurations
 10628 | D:8      | Reached skill level 6 in Invocations
 10768 | D:8      | Found a runed translucent gate.
 10768 | D:8      | Found a runed translucent gate.
 10768 | D:8      | Found a runed translucent gate.
 10768 | D:8      | Noticed a green ugly thing
 10768 | D:8      | Noticed a glowing orange brain
 10770 | D:8      | Noticed a brown ugly thing
 10771 | D:8      | Noticed a white ugly thing
 10772 | D:8      | Noticed a purple ugly thing
 10889 | D:8      | Reached skill level 10 in Spellcasting
 11691 | D:9      | Reached skill level 2 in Translocations
 12204 | D:9      | HP: 2/50 [yak (13)]
 12653 | D:9      | Reached XP level 11. HP: 54/54 MP: 6/27
 13342 | D:9      | Found a staircase to the Orcish Mines.
 13572 | D:10     | Entered Level 10 of the Dungeon
 13668 | D:10     | Found Foddipoi's Weapon Boutique.
 13692 | D:10     | Reached skill level 1 in Shields
 13703 | D:10     | Reached skill level 7 in Invocations
 13891 | D:10     | Reached skill level 9 in Dodging
 13999 | D:10     | Reached skill level 11 in Spellcasting
 13999 | D:10     | Reached skill level 3 in Translocations
 14034 | D:10     | Found a staircase to the Lair.
 14300 | D:10     | Reached **** piety under Sif Muna
 14301 | D:10     | Reached skill level 7 in Stealth
 14419 | D:10     | Found Tegut's General Store.
 14432 | D:10     | Bought a book of Fire for 572 gold pieces
 14438 | D:10     | Learned a level 5 spell: Fireball
 14828 | D:10     | Found Otzi's Jewellery Boutique.
 15248 | D:10     | Reached skill level 1 in Fire Magic
 15498 | D:10     | Reached skill level 2 in Shields
 15571 | D:11     | Noticed a two-headed ogre
 15574 | D:11     | Reached skill level 2 in Fire Magic
 15652 | D:11     | Killed a two-headed ogre
 15711 | D:11     | Reached skill level 3 in Fire Magic
 15719 | D:10     | Noticed a two-headed ogre
 15813 | D:10     | Killed a two-headed ogre
 15814 | D:10     | Reached skill level 4 in Fire Magic
 15941 | D:11     | Reached skill level 3 in Shields
 15941 | D:11     | Reached skill level 10 in Conjurations
 16021 | D:11     | Found a corrupted altar of Lugonu.
 16170 | D:11     | Reached skill level 5 in Fire Magic
 16221 | D:11     | Found a frozen archway.
 16233 | IceCv    | Entered an ice cave
 16233 | IceCv    | Noticed a white ugly thing
 16935 | D:12     | Noticed Psyche
 16942 | D:12     | Killed Psyche
 16970 | D:12     | Noticed a boulder beetle
 17126 | Orc:1    | Entered Level 1 of the Orcish Mines
 17211 | Orc:1    | Reached skill level 6 in Fire Magic
 17211 | Orc:1    | Reached XP level 12. HP: 59/59 MP: 22/29
 17384 | Orc:1    | Noticed Fannar
 17459 | Orc:1    | Found a dark tunnel.
 17503 | Volcano  | Entered a volcano
 17661 | Volcano  | Reached skill level 4 in Shields
 17664 | Volcano  | HP: 2/59 [molten gargoyle/bolt of magma (19)]
 17752 | Volcano  | Identified the +1 pair of gloves of Wenneocw {Rampage
                  | +Blink Str+4}
 17806 | Orc:1    | Killed Fannar
 17807 | Orc:1    | Reached skill level 7 in Fire Magic
 18095 | Orc:2    | Entered Level 2 of the Orcish Mines
 18103 | Orc:2    | Noticed Rupert
 18190 | Orc:1    | Acquired a scarf of invisibility
 18266 | Lair:1   | Entered Level 1 of the Lair of Beasts
 18478 | Lair:1   | Reached skill level 1 in Evocations
 18639 | Lair:1   | Reached skill level 2 in Evocations
 18848 | Lair:1   | Identified the +2 ring mail of the Trees {rPois rCorr}
 19002 | Lair:1   | Reached skill level 11 in Conjurations
 19002 | Lair:1   | Reached skill level 8 in Fire Magic
 19104 | Lair:1   | Noticed a six-headed hydra
 19122 | Lair:1   | Killed a six-headed hydra
 19123 | Lair:1   | Reached skill level 3 in Evocations
 19964 | Lair:2   | Reached skill level 8 in Stealth
 19994 | Lair:2   | Reached skill level 10 in Dodging
 20060 | Lair:2   | Reached skill level 4 in Evocations
 20182 | Lair:2   | Noticed a five-headed hydra
 20637 | Lair:2   | Found a staircase to the Shoals.
 20726 | Lair:2   | Noticed a six-headed hydra
 20730 | Lair:2   | Killed a six-headed hydra
 20830 | Lair:2   | Reached skill level 12 in Spellcasting
 20869 | Lair:2   | Learned a level 4 spell: Airstrike
 20948 | Lair:2   | Found a staircase to the Snake Pit.
 20968 | Lair:2   | Killed a five-headed hydra
 20969 | Lair:2   | Reached XP level 13. HP: 63/63 MP: 4/31
 21117 | Lair:2   | Reached skill level 9 in Fire Magic
 21125 | Lair:2   | Reached skill level 1 in Air Magic
 21125 | Lair:2   | Reached skill level 5 in Evocations
 21523 | Lair:2   | Learned a level 4 spell: Flame Wave
 21972 | Lair:3   | Reached skill level 2 in Air Magic
 22225 | Lair:3   | Noticed a dire elephant
 22238 | Lair:3   | Killed a dire elephant
 22912 | Lair:4   | Identified 2 potions of resistance
 22940 | Lair:4   | Found a staircase to the Slime Pits.
 22947 | Lair:4   | Found a viscous altar of Jiyva.
 23732 | Lair:4   | Reached skill level 3 in Air Magic
 23732 | Lair:4   | Reached skill level 6 in Evocations
 24159 | Lair:4   | Reached skill level 9 in Stealth
 24383 | Lair:5   | Entered Level 5 of the Lair of Beasts
 24710 | Lair:5   | Reached skill level 4 in Air Magic
 25063 | Lair:5   | Reached ***** piety under Sif Muna
 25065 | Lair:5   | Received a gift from Sif Muna
 25165 | Lair:4   | Reached skill level 7 in Evocations
 25434 | Lair:4   | Reached skill level 11 in Dodging
 25901 | Snake:1  | Entered Level 1 of the Snake Pit
 25901 | Snake:1  | Noticed Aizul
 26072 | D:10     | Bought the ring of Humigoh {Wiz rF+ rN+ Dex+3} for 817 gold
                  | pieces
 26443 | D:12     | Reached skill level 5 in Air Magic
 26560 | D:12     | Reached skill level 12 in Conjurations
 26712 | D:12     | Found a hide-covered altar of Uskayaw.
 27608 | D:13     | Reached XP level 14. HP: 68/68 MP: 11/32
 27856 | D:13     | Reached skill level 13 in Spellcasting
 28040 | D:13     | Noticed Josephine
 28042 | D:13     | Reached skill level 8 in Evocations
 28051 | D:13     | Killed Josephine
 28052 | D:13     | Reached skill level 10 in Fire Magic
 28304 | D:13     | Found a gate to the Vaults.
 28617 | D:13     | Reached skill level 6 in Air Magic
 29458 | Shoals:1 | Entered Level 1 of the Shoals
 29633 | Shoals:1 | Identified the +3 ring mail of Cotumn {rC- rN++ Dex+6}
 29745 | Shoals:1 | Found a runed translucent gate.
 29813 | Shoals:1 | Found a runed translucent gate.
 29813 | Shoals:1 | Found a runed translucent gate.
 29814 | Shoals:1 | Found an opulent altar of Gozag.
 29814 | Shoals:1 | Noticed Pyuluvoph's ghost (adept HOBr)
 29936 | Shoals:1 | Found Fugamoph's Assorted Antiques.
 30288 | Shoals:1 | Found Necov's Magic Scroll Shop.
 30335 | Shoals:1 | Reached skill level 9 in Evocations
 30647 | Shoals:2 | Identified the +4 shortbow of Magnificence {vorpal, rCorr
                  | MP-9 Dex+3 Stlth+}
 30663 | Shoals:2 | Reached skill level 7 in Air Magic
 31182 | Shoals:2 | Reached skill level 12 in Dodging
 32047 | Shoals:2 | Reached skill level 8 in Air Magic
 32436 | Shoals:2 | Reached skill level 14 in Spellcasting
 33023 | Shoals:3 | Reached XP level 15. HP: 31/72 MP: 10/35
 33266 | Shoals:3 | Identified the +1 ring mail of the Black Skies {rElec Int+7
                  | SInv Stlth+}
 33354 | Shoals:3 | Reached skill level 11 in Fire Magic
 33355 | Shoals:3 | Reached skill level 13 in Conjurations
 34192 | Shoals:3 | Reached skill level 9 in Air Magic
 34344 | Shoals:3 | Found Fyocs's One-of-a-Kind Rings.
 34510 | Shoals:4 | Entered Level 4 of the Shoals
 34516 | Shoals:4 | Reached skill level 8 in Invocations
 35807 | Shoals:3 | Learned a level 6 spell: Starburst
 36033 | Shoals:4 | Reached skill level 9 in Invocations
 36476 | Shoals:3 | Reached skill level 10 in Air Magic
 37020 | Shoals:4 | Reached skill level 15 in Spellcasting
 38151 | Shoals:4 | Reached skill level 12 in Fire Magic
 38591 | Shoals:4 | Got a barnacled rune of Zot
 38658 | Shoals:4 | Learned a level 5 spell: Lee's Rapid Deconstruction
 38712 | Shoals:4 | Got the Opusculum on the Altered Black Widow
 38744 | Shoals:4 | Reached skill level 1 in Earth Magic
 39395 | Shoals:1 | Bought a scroll of blinking for 135 gold pieces
 39764 | Lair:2   | Killed Aizul
 39765 | Lair:2   | Reached skill level 2 in Earth Magic
 40418 | Snake:1  | Reached skill level 11 in Air Magic
 40422 | Snake:1  | Reached skill level 3 in Earth Magic
 40422 | Snake:1  | Reached XP level 16. HP: 62/76 MP: 12/37
 40441 | Snake:1  | Received a gift from Sif Muna
 40447 | Snake:1  | Got Sif Muna's Quarto of Kinetic Jinxing {god gift}
 40447 | Snake:1  | Noticed Mlioglotl
 40457 | Snake:1  | Killed Mlioglotl
 40458 | Snake:1  | Reached skill level 4 in Earth Magic
 40719 | Snake:1  | Identified the +12 dagger of Tender Mercy {drain, +Blink
                  | rPois rC+ Will-}
 41646 | Snake:2  | Reached skill level 5 in Earth Magic
 42332 | Snake:2  | Found Bymet's Self-Improvement Boutique.
 42528 | Snake:2  | Reached skill level 16 in Spellcasting
 42529 | Snake:2  | Reached skill level 6 in Earth Magic
 42765 | Snake:2  | Learned a level 7 spell: Orb of Destruction
 43717 | Snake:3  | Identified a scarf of resistance
 44627 | Snake:3  | HP: 4/76 [shock serpent/electric aura (4)]
 44628 | Snake:3  | Killed from afar by a shock serpent

Vanquished Creatures
  Mlioglotl (Snake:1)
  Aizul (Lair:2)
  An orc warlord (Bailey)
  A dire elephant (Lair:3)
  5 merfolk javelineers (Shoals:4)
  Josephine (D:13)
  4 merfolk impalers
  6 vault guards (D:13)
  4 boulder beetles
  Fannar (Orc:1)
  3 merfolk avatars
  3 hydras
  An alligator snapping turtle (Shoals:4)
  6 naga warriors
  7 anacondas
  7 merfolk aquamancers
  A centaur warrior (Shoals:1)
  5 two-headed ogres
  2 satyrs
  5 shock serpents
  4 naga sharpshooters
  8 sea snakes
  2 naga ritualists (Snake:1)
  15 harpies
  A lindwurm (Orc:1)
  A deep elf pyromancer (D:12)
  2 mana vipers
  6 fauns
  2 salamanders (Snake:2)
  6 cyclopes
  19 manticores
  15 elephants
  A guardian serpent (Snake:2)
  10 black mambas
  3 water nymphs
  8 merfolk sirens
  8 naga magi
  3 gargoyles
  8 cane toads
  An unseen horror (D:12)
  2 torpor snails (Lair:5)
  2 kobold demonologists (D:11)
  4 rime drakes
  2 efreet (Volcano)
  6 komodo dragons
  Psyche (D:12)
  23 merfolk
  3 trolls
  A polar bear (Lair:2)
  8 wind drakes
  Prince Ribbit (D:8)
  12 snapping turtles
  A hornet (Lair:4)
  23 dream sheep
  2 shadows
  6 wyverns
  7 wraiths
  10 water elementals
  6 humans (D:13)
  2 basilisks
  37 yaks
  2 fire elementals (Volcano)
  3 vampire mosquitoes (D:9)
  Menkaure (D:5)
  2 steam dragons
  30 nagas
  An acid dragon (D:9)
  22 water moccasins
  13 orc warriors
  3 ice beasts
  A black bear (D:6)
  4 ogres
  10 wolves (Lair:2)
  2 phantoms
  5 centaurs (D:12)
  Blork the orc (D:4)
  10 bullfrogs
  6 gnoll sergeants
  4 kobold brigands
  A necrophage (D:6)
  7 scorpions
  A wight (D:6)
  3 electric eels
  5 howler monkeys
  16 jellies
  4 hounds
  9 orc priests
  3 gnoll boudas
  Jessica (D:3)
  4 iguanas
  11 orc wizards
  A troll simulacrum (D:11)
  35 gnolls
  5 adders
  A naga simulacrum (D:11)
  2 shadow imps
  3 white imps
  2 ufetubi (D:6)
  2 worms
  2 dart slugs
  52 orcs
  8 ball pythons
  4 bats
  7 endoplasms
  A giant cockroach (D:1)
  8 goblins
  7 hobgoblins
  5 jackals
  16 kobolds
  2 quokkas
  2 frilled lizards (D:1)
  3 rats
  A bush (Lair:2)
  A fire vortex (Lair:2)
702 creatures vanquished.

Vanquished Creatures (others)
  6 demonic plants (D:11)
  A fire vortex (Volcano)
  161 fulminant prisms
  30 fungi
  183 plants
381 creatures vanquished.

Grand Total: 1083 creatures vanquished

Table legend: (Time is in decaauts)
 A = Elapsed time spent in this place.
 B = Non-inter-level travel time spent in this place.
 C = Inter-level travel time spent in this place.
 D = Time resting spent in this place.
 E = Time spent auto-exploring this place.
 F = Levels seen in this place.
 G = Mean time per level.
                   A        B        C        D        E       F      G
               +--------+--------+--------+--------+--------+-----+--------+
         Total |  45005 |  42347 |   2658 |  14501 |  20391 |  31 | 1451.8 |
       Dungeon |  19662 |  18400 |   1262 |   3943 |  11370 |  13 | 1512.5 |
        Temple |    211 |    194 |     17 |      0 |    174 |   1 |  211.0 |
          Lair |   8652 |   8049 |    603 |   3099 |   3949 |   5 | 1730.4 |
        Shoals |  10250 |   9728 |    522 |   5266 |   2669 |   4 | 2562.5 |
     Snake Pit |   4225 |   4054 |    171 |   1363 |   2071 |   3 | 1408.3 |
  Orcish Mines |    786 |    704 |     82 |    241 |    157 |   2 |  393.0 |
        Bailey |    913 |    913 |      0 |    488 |      0 |   1 |  913.0 |
      Ice Cave |      4 |      4 |      0 |      0 |      0 |   1 |    4.0 |
       Volcano |    299 |    299 |      0 |    101 |      0 |   1 |  299.0 |
               +--------+--------+--------+--------+--------+-----+--------+

Top non-repeatable levels by time:
Shoals:3: 4444 daAuts
  Lair:2: 2925 daAuts
  Lair:4: 2900 daAuts
 Snake:2: 2575 daAuts
    D:10: 2574 daAuts
     D:9: 2198 daAuts
Shoals:2: 2180 daAuts
Shoals:4: 2047 daAuts
     D:8: 2035 daAuts
    D:13: 1892 daAuts
  Lair:1: 1726 daAuts
     D:6: 1654 daAuts
Shoals:1: 1579 daAuts
     D:5: 1459 daAuts
     D:4: 1338 daAuts

Table legend:
 A = Non-vault XP
 B = Vault XP
 C = Vault XP percentage of total XP
 D = Non-vault monster count
 E = Vault monster count
 F = Vault count percentage of total count
                 A         B        C        D         E       F
            +---------+---------+-------+---------+---------+-------
      Total |  130859 |   52609 |  28.7 |     517 |     183 |  26.1
            +---------+---------+-------+---------+---------+-------
        D:1 |      44 |       0 |   0.0 |      24 |       0 |   0.0
        D:2 |      83 |       0 |   0.0 |      11 |       0 |   0.0
        D:3 |      72 |      39 |  35.1 |      18 |       2 |  10.0
        D:4 |     375 |      99 |  20.9 |      19 |       2 |   9.5
        D:5 |     577 |     177 |  23.5 |      21 |       2 |   8.7
        D:6 |    1067 |     600 |  36.0 |      23 |       8 |  25.8
        D:7 |    1547 |       0 |   0.0 |      33 |       0 |   0.0
        D:8 |    1749 |     307 |  14.9 |      12 |       5 |  29.4
        D:9 |    2069 |    1524 |  42.4 |      15 |      20 |  57.1
       D:10 |    2291 |    2299 |  50.1 |      10 |      13 |  56.5
       D:11 |    3644 |     798 |  18.0 |      24 |       4 |  14.3
       D:12 |    4967 |     353 |   6.6 |      14 |       1 |   6.7
       D:13 |    3863 |    7920 |  67.2 |       6 |      16 |  72.7
     Lair:1 |    6988 |       0 |   0.0 |      21 |       0 |   0.0
     Lair:2 |    5977 |    2528 |  29.7 |      29 |       6 |  17.1
     Lair:3 |    1427 |    3393 |  70.4 |       5 |       6 |  54.5
     Lair:4 |    6643 |    1414 |  17.5 |      22 |      17 |  43.6
     Lair:5 |    5986 |     924 |  13.4 |      22 |       3 |  12.0
   Shoals:1 |    9718 |       0 |   0.0 |      19 |       0 |   0.0
   Shoals:2 |   15197 |       0 |   0.0 |      32 |       0 |   0.0
   Shoals:3 |   13832 |     211 |   1.5 |      30 |       1 |   3.2
   Shoals:4 |   13534 |   19432 |  58.9 |      31 |      35 |  53.0
    Snake:1 |   10562 |    1690 |  13.8 |      22 |       1 |   4.3
    Snake:2 |    8436 |    3130 |  27.1 |      17 |       7 |  29.2
    Snake:3 |    9768 |    1332 |  12.0 |      22 |       3 |  12.0
      Orc:1 |     437 |    1516 |  77.6 |      13 |       3 |  18.8
      Orc:2 |       6 |     133 |  95.7 |       2 |       1 |  33.3
     Bailey |       0 |    1681 | 100.0 |       0 |      23 | 100.0
    Volcano |       0 |    1109 | 100.0 |       0 |       4 | 100.0
            +---------+---------+-------+---------+---------+-------
